 Dungeon Crawl Stone Soup version 0.30-b1-2-g02819fbbbe (webtiles) character file.

Game seed: 17174595807333935390

1348836 Dazed the Ruinous (level 27, 168/168 HPs)
             Began as a Gargoyle Earth Elementalist on Nov 8, 2023.
             Was the Champion of Vehumet.
             Escaped with the Orb
             ... and 3 runes on Nov 10, 2023!
             The game lasted 13:58:36 (119738 turns).

Dazed the Ruinous (Gargoyle Earth Elementalist)   Turns: 119738, Time: 13:58:37

Health: 168/168    AC: 33    Str: 20    XL:     27
Magic:  26/41      EV: 12    Int: 49    God:    Vehumet [******]
Gold:   6092       SH:  5    Dex:  3    Spells: 3/65 levels left

rFire   + + .        g - staff of earth "Anal" {rC+ Int+5 Dex-5}
rCold   + . .        T - sphere of Battle
rNeg    + + +        K - +2 robe {Archmagi}
rPois   ∞            Y - +2 hat of Tenacity {rF+}
rElec   +            F - scarf of Egousauk {+Inv, rPois Int+5 Dex-3}
rCorr   .            c - +2 pair of gloves {Dex+3}
SInv    .            k - +2 pair of boots {rampage}
Will    ++...        S - amulet "Maithaso" {Reflect Str+4 SH+5}
Stlth   +            D - ring "Neaxan" {rF+ rN+++ Int+7 Dex-4}
HPRegen 0.48/turn    l - ring "Geziem" {rPois rN+ Int+6}
MPRegen 0.27/turn

%: reflection, rampage, archmagi
@: flying
A: sickness immunity, AC +20, big wings, negative energy resistance 1,
electricity resistance, torment resistance 1, petrification resistance, thin
skeletal structure 1, deterioration 1, low MP 1, screaming 1, inability to drink
after injury 1
0: Orb of Zot
}: 3/15 runes: serpentine, barnacled, silver
a: Renounce Religion, Evoke Invisibility


You escaped.
You worshipped Vehumet.
Vehumet was exalted by your worship.
You visited 11 branches of the dungeon, and saw 51 of its levels.
You also visited: Ossuary and Wizlab.

You collected 11229 gold pieces.
You spent 5137 gold pieces at shops.

Inventory:

Hand Weapons
 f - a +9 whip of electrocution
Missiles
 N - 3 throwing nets
Armour
 c - a +2 pair of gloves of dexterity (worn)
 k - a +2 pair of boots of rampaging (worn)
 m - the +3 warlock's mirror {omnireflect}
   (You acquired it in the Ecumenical Temple)

   Omnireflect: It can block and reflect piercing ranged attacks and magical
   attacks against the wielder's willpower.
 F - the scarf of Egousauk (worn) {+Inv, rPois Int+5 Dex-3}
   (You found it on level 3 of the Elven Halls)

   Int:       It affects your intelligence (+5).
   Dex:       It affects your dexterity (-3).
   rPois:     It protects you from poison.
 K - a +2 robe of the Archmagi (worn)
 T - the sphere of Battle (worn)
   (You took it off a deep elf pyromancer on level 3 of the Elven Halls)

   It enhances your destructive magic.
   It weakens your non-destructive magic.
   It summons a battlesphere in combat, with strength depending on Conjurations
   skill.
 Y - the +2 hat of Tenacity (worn) {rF+}
   (You found it on level 4 of the Vaults)

   rF:        It protects you from fire.
Magical Staves
 g - the staff of earth "Anal" (weapon) {rC+ Int+5 Dex-5}
   (You found it on level 3 of the Elven Halls)

   [staff of earth]

   Base accuracy: +5 Base damage: 5 Base attack delay: 1.2 This weapon's minimum
   attack delay (0.6) is reached at skill level 12.
   Int:       It affects your intelligence (+5).
   Dex:       It affects your dexterity (-5).
   rC:        It protects you from cold.
   It falls into the 'Staves' category.
   It is a one-handed weapon.
Jewellery
 l - the ring "Geziem" (right hand) {rPois rN+ Int+6}
   (You found it on level 5 of the Lair of Beasts)

   [ring of intelligence]

   Int:       It affects your intelligence (+6).
   rPois:     It protects you from poison.
   rN:        It protects you from negative energy.
 o - the ring of the Tortoise {AC+8}
   (You found it on level 4 of the Shoals)

   [ring of protection]

   AC:        It affects your AC (+8).
 p - the ring "Aphig" {rC+ AC+4}
   (You took it off a skeletal warrior on level 3 of the Crypt)

   [ring of protection]

   AC:        It affects your AC (+4).
   rC:        It protects you from cold.
 D - the ring "Neaxan" (left hand) {rF+ rN+++ Int+7 Dex-4}
   (You bought it in a shop on level 1 of the Depths)

   [ring of protection from fire]

   Int:       It affects your intelligence (+7).
   Dex:       It affects your dexterity (-4).
   rF:        It protects you from fire.
   rN:        It renders you almost immune to negative energy.
 E - a ring of ice
 G - an amulet of regeneration
 H - a ring of see invisible
 O - a ring of fire
 S - the amulet "Maithaso" (around neck) {Reflect Str+4 SH+5}
   (You found it on level 3 of the Shoals)

   [amulet of reflection]

   It reflects blocked missile attacks.
   Str:       It affects your strength (+4).
   SH:        It affects your SH (+5).
Wands
 t - a wand of flame (102)
 v - a wand of polymorph (12)
 C - a wand of digging (18)
 I - a wand of quicksilver (6)
Scrolls
 a - 12 scrolls of poison
 d - 25 scrolls of teleportation
 j - 6 scrolls of magic mapping
 r - 14 scrolls of immolation
 u - 2 scrolls of enchant weapon
 x - 7 scrolls of noise
 J - 6 scrolls of fear
 L - 12 scrolls of fog
 U - 3 scrolls of blinking
 W - 2 scrolls of summoning
Potions
 b - 4 potions of magic
 h - 5 potions of might
 i - 3 potions of ambrosia
 q - 4 potions of mutation
 s - 13 potions of haste
 z - 5 potions of resistance
 A - 34 potions of curing
 M - 7 potions of brilliance
 P - 4 potions of cancellation
 R - 3 potions of invisibility
 V - 8 potions of heal wounds
Miscellaneous
 e - a phantom mirror
 n - a box of beasts


   Skills:
 + Level 16.2 Fighting
 - Level 12.0(13.2) Maces & Flails
 - Level 9.3(12.0) Staves
 - Level 6.0 Armour
 + Level 13.4 Dodging
 - Level 2.1 Stealth
 - Level 4.0 Shields
 + Level 19.6 Spellcasting
 + Level 22.6 Conjurations
 - Level 0.7 Transmutations
 + Level 19.9 Fire Magic
 - Level 21.8 Earth Magic
 + Level 17.4 Evocations


You had 3 spell levels left.
You knew the following spells:

 Your Spells              Type           Power      Damage    Failure   Level
a - Sandblast             Erth           100%       2d20      0%          1
b - Passwall              Tmut/Erth      100%       N/A       0%          2
c - Iron Shot             Conj/Erth      100%       9d18      0%          6
d - Fireball              Conj/Fire      91%        3d33      0%          5
e - Borgnjor's Vile Clut  Necr/Erth      62%        N/A       1%          5
f - Lee's Rapid Deconstr  Erth           100%       3d44*     0%          5
g - Sticky Flame          Conj/Fire      100%       2d11      0%          4
h - Lehudib's Crystal Sp  Conj/Erth      100%       10d22     1%          8
i - Ignition              Fire           89%        3d23      1%          8
j - Shatter               Erth           100%       3d71*     1%          9
k - Fire Storm            Conj/Fire      91%        8d23      1%          9

Your spell library contained the following spells:

 Spells                   Type           Power      Damage    Failure   Level
 Polar Vortex             Ice            41%        N/A       100%        9
 Foxfire                  Conj/Fire      100%       2x1d9     0%          1
 Magic Dart               Conj           100%       1d8       0%          1
 Shock                    Conj/Air       100%       1d9       0%          1
 Scorch                   Fire           100%       2d9       0%          2
 Static Discharge         Conj/Air       100%       2-7/arc   0%          2
 Hailstorm                Conj/Ice       100%       3d20      0%          3
 Stone Arrow              Conj/Erth      100%       3d13      0%          3
 Volatile Blastmotes      Fire/Tloc      100%       2d18      0%          3
 Apportation              Tloc           96%        N/A       1%          1
 Beastly Appendage        Tmut           100%       N/A       1%          1
 Freeze                   Ice            100%       1d10      1%          1
 Necrotise                Necr           100%       1d9       1%          1
 Slow                     Hex            100%       N/A       1%          1
 Summon Small Mammal      Summ           100%       N/A       1%          1
 Call Imp                 Summ           96%        N/A       1%          2
 Lesser Beckoning         Tloc           96%        N/A       1%          2
 Poisonous Vapours        Pois/Air       100%       N/A       1%          2
 Wereblood                Tmut           53%        N/A       1%          2
 Call Canine Familiar     Summ           48%        N/A       1%          3
 Confusing Touch          Hex            48%        N/A       1%          3
 Frozen Ramparts          Ice            100%       1d16      1%          3
 Gell's Gravitas          Tloc           48%        N/A       1%          3
 Ignite Poison            Fire/Tmut/Pois 100%       N/A       1%          3
 Mephitic Cloud           Conj/Pois/Air  100%       N/A       1%          3
 Ozocubu's Armour         Ice            48%        N/A       1%          3
 Portal Projectile        Hex/Tloc       96%        N/A       1%          3
 Spider Form              Tmut/Pois      51%        N/A       1%          3
 Summon Guardian Golem    Hex/Summ       48%        N/A       1%          3
 Swiftness                Air            48%        N/A       1%          3
 Teleport Other           Tloc           48%        N/A       1%          3
 Tukima's Dance           Hex            48%        N/A       1%          3
 Vampiric Draining        Necr           48%        2d9       1%          3
 Vhi's Electric Charge    Tloc/Air       96%        N/A       1%          3
 Iskenderun's Battlesphe  Conj           100%       2d15      0%          5
 Starburst                Conj/Fire      91%        6d23      0%          6
 Airstrike                Air            41%        2d(6-22)  1%          4
 Animate Armour           Summ/Erth      100%       N/A       1%          4
 Fulminant Prism          Conj/Hex       75%        3d32      1%          4
 Iskenderun's Mystic Bla  Conj/Tloc      100%       2d19      1%          4
 Leda's Liquefaction      Hex/Erth       62%        N/A       1%          4
 Olgreb's Toxic Radiance  Pois           83%        N/A       1%          4
 Petrify                  Tmut/Erth      100%       N/A       1%          4
 Arcjolt                  Conj/Air       75%        1d85      1%          5
 Freezing Cloud           Conj/Ice/Air   67%        6-21      1%          5
 Irradiate                Conj/Tmut      76%        3d37      1%          5
 Plasma Beam              Fire/Air       72%        2x1d98    1%          6
 Orb of Destruction       Conj           92%        9d20      1%          7
 Spellforged Servitor     Conj/Summ      75%        N/A       1%          7
 Yara's Violent Unravell  Hex/Tmut       43%        3d17      2%          5
 Animate Dead             Necr           48%        N/A       3%          4
 Cause Fear               Hex            24%        N/A       3%          4
 Ice Form                 Ice/Tmut       51%        N/A       3%          4
 Passage of Golubria      Tloc           48%        N/A       3%          4
 Summon Ice Beast         Ice/Summ       48%        N/A       3%          4
 Summon Lightning Spire   Summ/Air       48%        N/A       3%          4
 Blade Hands              Tmut           26%        N/A       8%          5
 Alistair's Intoxication  Tmut/Pois      34%        N/A       9%          5
 Death Channel            Necr           24%        N/A       50%         6
 Simulacrum               Ice/Necr       24%        N/A       50%         6
 Ozocubu's Refrigeration  Ice            41%        4d16      58%         7
 Chain Lightning          Conj/Air       75%        3d100     63%         9
 Dragon Form              Tmut           26%        N/A       92%         7
 Malign Gateway           Summ/Tloc      24%        N/A       97%         7
 Summon Hydra             Summ           24%        N/A       97%         7
 Discord                  Hex            24%        N/A       100%        8
 Summon Horrible Things   Summ           24%        N/A       100%        8
 Dragon's Call            Summ           24%        N/A       100%        9
 Sublimation of Blood     Necr           Unusable   N/A       N/A         2

Dungeon Overview and Level Annotations

Branches:
Dungeon (15/15)            Temple (1/1) D:4            Lair (5/5) D:10
 Shoals (4/4) Lair:3        Snake (4/4) Lair:2        Slime (0/5) Lair:5
    Orc (2/2) D:11            Elf (3/3) Orc:2        Vaults (5/5) D:14
  Crypt (3/3) Vaults:2       Tomb (0/3) Crypt:3      Depths (4/4) D:15
    Zot (5/5) Depths:4    Ossuary (visited)          WizLab (visited)

Altars:
Ashenzari
Cheibriados
Dithmenos
Elyvilon
Fedhas
Gozag
Hepliaklqana
Kikubaaqudgha
Makhleb
Nemelex Xobeh
Okawaru
Qazlal
Ru
Sif Muna
Trog
Uskayaw
Vehumet
Wu Jian
Xom
Yredelemnul
Zin
The Shining One
Jiyva
Lugonu

Shops:
D:8 :   D:9 *   D:10 ??   D:15 :   Orc:2 (([:   Elf:1 :   Vaults:2 !
Vaults:4 [   Vaults:5 ?*!?*!(?=   Depths:1 :=:

Portals:
Hell: Depths:1 Depths:2 Depths:3 Depths:4
Abyss: Depths:1 Depths:3
Pandemonium: Depths:2
Ziggurat: Depths:3

Annotations:
Snake:3 2 transporters, m76s's ghost, journeyman GrFi


Innate Abilities, Weirdness & Mutations

You are immune to sickness and miasma.
Your stone body is resilient. (AC +20)
You are immune to poison.
Your large and strong wings let you fly.
You resist negative energy. (rN+)
You are resistant to electric shocks. (rElec)
You are resistant to unholy torment.
You are immune to petrification.
You have a somewhat thin skeletal structure. (Dex +2, Stealth+)
Your body sometimes deteriorates upon taking damage.
Your magical capacity is low. (-10% MP)
You occasionally shout uncontrollably at your foes.
You occasionally lose the ability to drink potions when taking damage.


Message History

Aim: an ancient lich (heavily damaged, not watching you, 87% to hit)
You feel a huge surge of power!
The crystal spear hits the ancient lich!!!!
You destroy the ancient lich!
Vehumet accepts your kill.
You feel your power returning.
You reach down and open the door.
There is an open door here.
Your surroundings suddenly seem different.
You start resting.
Magic restored.
You start resting.
A blizzard demon comes into view.
Casting: Lehudib's Crystal Spear (mildly dangerous; 1% risk of failure)
Confirm with . or Enter, or press ? or * to list all spells.
Aiming: Lehudib's Crystal Spear (mildly dangerous; 1% risk of failure)
Press: ? - help, Shift-Dir - straight line, f - blizzard demon
Aim: a blizzard demon (87% to hit)
You feel a huge surge of power!
The crystal spear hits the blizzard demon!!!!
You kill the blizzard demon!
Vehumet accepts your kill.
You feel your power returning.
Your battlesphere wavers and loses cohesion.
You see here 2 stones.
Magic restored.
There is an open door here.
HP restored.
Casting: Lehudib's Crystal Spear (mildly dangerous; 1% risk of failure)
Confirm with . or Enter, or press ? or * to list all spells.
You feel a huge surge of power!
The dungeon rumbles!
Ka-crash!
Casting: Shatter (dangerous; 1% risk of failure)
Confirm with . or Enter, or press ? or * to list all spells.
You feel a huge surge of power!
The dungeon rumbles!
A door shatters!
Ka-crash!
There is a staircase leading out of the dungeon here.
You have escaped!

###################
................@.#
##############.#.##
.................#
#############..#.#
.................#
###########.######
#+## #.## ...##
#...# ....## ....#


There were no monsters in sight!

Vanquished Creatures
  5 dread liches
  2 ancient liches
  8 orbs of fire (Zot:5)
  A juggernaut (Depths:2)
  4 curse toes
  3 Killer Klowns (Zot:5)
  Saint Roka (Orc:2)
  Vashnia (Snake:4)
  Bai Suzhen (Elf:3)
  11 golden dragons
  2 caustic shrikes
  Nikola (Depths:1)
  4 bone dragons
  2 Brimstone Fiends
  3 electric golems
  Cloud Mage (WizLab)
  Jorgrun (D:14)
  19 tentacled monstrosities
  A shard shrike skeleton (Crypt:2)
  2 deep elf blademasters (Elf:3)
  A walking crystal tome (Depths:3)
  2 walking divine tomes
  4 quicksilver dragons
  2 walking frostbound tomes (Depths:2)
  5 liches
  29 Orb Guardians
  7 titans
  8 death cobs
  8 sphinxes
  Gastronok (Lair:3)
  2 deep elf master archers (Elf:3)
  6 ancient champions
  6 nagarajas
  7 draconian monks
  Agnes (D:14)
  15 storm dragons
  10 tengu reavers
  9 frost giants
  7 shadow dragons
  7 fire giants
  A revenant (Crypt:1)
  A pandemonium lord (D:15)
  8 draconian knights
  Louise (D:14)
  6 draconian scorchers
  Aizul (Shoals:2)
  4 curse skulls
  12 vault wardens
  5 draconian shifters
  3 ghost moths
  An emperor scorpion (D:14)
  6 deep elf sorcerers
  A draconian stormcaller (Zot:1)
  3 spectral caustic shrikes (Depths:1)
  2 iron dragons
  An orc warlord (D:11)
  3 deep elf elementalists (Elf:3)
  6 draconian annihilators
  3 ghouls
  2 angels (Elf:1)
  30 stone giants
  2 war gargoyles (Vaults:2)
  A broodmother (shapeshifter) (Vaults:5)
  5 ironbound thunderhulks
  7 spriggan defenders
  21 ironbound preservers
  5 vampire knights
  7 deep elf demonologists
  24 very ugly things
  A demonspawn black sun (Zot:5)
  Nessos (Lair:5)
  12 black draconians
  11 purple draconians
  3 spark wasps
  5 yellow draconians
  11 red draconians
  8 deep elf annihilators
  11 white draconians
  10 green draconians
  A minotaur (shapeshifter) (Depths:2)
  14 dire elephants
  11 deep elf death magi
  2 eidola (Crypt:2)
  4 blizzard demons
  Snorg (D:10)
  11 ettins
  8 fire dragons
  2 entropy weavers
  Josephine (D:9)
  6 merfolk impalers
  2 merfolk javelineers
  9 jiangshi
  9 deep elf high priests
  An ice dragon (shapeshifter) (Depths:2)
  16 yaktaur captains
  7 great orbs of eyes
  11 ice dragons
  A rakshasa (Depths:2)
  4 spriggan air magi
  35 vault guards
  A peacekeeper (Vaults:2)
  3 salamander tyrants
  5 hydras
  2 ghost crabs (WizLab)
  2 ogre magi
  3 merfolk avatars
  12 anacondas
  20 centaur warriors
  7 death knights
  9 ironbound frosthearts
  2 merfolk aquamancers
  6 two-headed ogres
  2 catoblepae
  2 spriggan skeletons (Crypt:3)
  5 boulder beetles
  3 satyrs (Shoals:4)
  15 deep troll shamans
  12 death yaks
  6 tengu warriors
  30 dancing weapons
  10 vampire magi
  21 naga warriors
  2 orc high priests (Orc:2)
  8 deep troll earth magi
  6 spriggan berserkers
  8 naga sharpshooters
  2 spectral dire elephants (Lair:5)
  A shock serpent (shapeshifter) (Vaults:5)
  22 deep elf knights
  3 shock serpents
  2 shadow wraiths
  7 spriggans
  6 hell knights (Depths:4)
  A soul eater (Zot:5)
  61 skeletal warriors
  8 skysharks
  A deep troll (shapeshifter) (Elf:1)
  5 salamander mystics
  8 iron trolls
  A storm dragon skeleton (Crypt:3)
  A death drake (WizLab)
  7 sea snakes
  A spectral anaconda (Lair:5)
  A glowing orange brain (Depths:4)
  76 deep trolls
  4 naga ritualists
  An obsidian statue (Lair:5)
  A glowing orange brain (shapeshifter) (Vaults:5)
  13 deep elf archers
  9 flayed ghosts
  23 ironbound convokers
  3 orc knights
  12 lindwurms
  6 necromancers
  A bunyip skeleton (Crypt:3)
  10 phantasmal warriors
  8 wizards
  6 mana vipers
  11 harpies
  29 deep elf pyromancers
  54 ugly things
  A golden dragon skeleton (Crypt:1)
  19 deep elf zephyrmancers
  A shadow dragon skeleton (Crypt:3)
  A fire giant zombie (Crypt:3)
  12 manticores
  3 orc sorcerers
  20 fauns
  8 cyclopes
  27 moths of wrath
  2 sphinx skeletons
  27 salamanders
  7 guardian serpents
  32 black mambas
  3 water nymphs
  A draconian skeleton (Crypt:3)
  6 merfolk sirens
  A black mamba (shapeshifter) (Depths:3)
  A frost giant skeleton (Crypt:1)
  25 naga magi
  A stone giant skeleton (Crypt:3)
  An alligator snapping turtle zombie (Crypt:2)
  5 apocalypse crabs (WizLab)
  13 elephants
  23 vault sentinels
  A dire elephant skeleton (Crypt:3)
  12 cane toads
  An orc skeleton (Crypt:3)
  A gargoyle (D:13)
  A shock serpent skeleton (Crypt:3)
  3 unseen horrors
  Maggie (D:6)
  A sea snake zombie (Crypt:3)
  2 efreet
  2 centaur skeletons (Crypt:3)
  9 komodo dragons
  An alligator snapping turtle skeleton (Crypt:3)
  7 freezing wraiths
  An iron troll zombie (Crypt:1)
  21 yaktaurs
  2 kobold demonologists (D:9)
  4 tengu conjurers
  A sea snake skeleton (Crypt:2)
  10 merfolk
  3 trolls
  6 meliai
  9 wind drakes
  9 hornets
  A blink frog (shapeshifter) (Vaults:5)
  17 dream sheep
  12 blink frogs
  5 harpy skeletons
  A hydra skeleton (Crypt:3)
  23 slime creatures
  A great orb of eyes zombie (Crypt:3)
  15 flying skulls
  9 snapping turtles
  A shadow (D:13)
  Sigmund (D:6)
  12 air elementals
  A dire elephant simulacrum (Lair:5)
  9 wraiths
  14 water elementals
  A yak (shapeshifter) (D:13)
  40 yaks
  A black mamba skeleton (Crypt:3)
  An ettin skeleton (Crypt:3)
  A fire bat (shapeshifter) (Vaults:5)
  4 wyverns
  A redback (Vaults:4)
  3 basilisks
  7 fire elementals
  13 vampire mosquitoes
  A neqoxec (D:1)
  A spectral cane toad (Lair:5)
  2 steam dragons
  2 swamp worms (shapeshifter)
  2 wargs
  59 nagas
  2 demonspawn zombies
  An acid dragon (D:14)
  2 naga skeletons (Crypt:3)
  18 water moccasins
  A floating eye (Depths:2)
  30 orc warriors
  A sky beast (D:7)
  3 black bears
  A hornet zombie (Crypt:1)
  6 ogres
  23 wolves
  8 centaurs
  5 boggarts (D:15)
  An elephant skeleton (Lair:5)
  A torpor snail zombie (Crypt:1)
  A manticore skeleton (Crypt:2)
  5 kobold brigands
  A bullfrog (shapeshifter) (D:14)
  7 bullfrogs
  7 necrophages
  4 scorpions
  3 earth elementals (Elf:1)
  2 cane toad simulacra (Lair:5)
  A yak zombie (Crypt:2)
  9 killer bees
  2 elephant simulacra (Lair:5)
  An electric eel (D:14)
  6 howler monkeys
  3 hounds
  2 jellies (D:5)
  21 orc priests
  Crazy Yiuf (D:7)
  5 iguanas
  2 gnoll boudas
  Ijyb (D:5)
  24 orc wizards
  A hound skeleton (Crypt:3)
  3 mummies (Ossuary)
  13 gnolls
  6 adders
  2 shadow imps
  4 white imps
  An ufetubus (D:4)
  4 adder zombies
  An iguana skeleton (Crypt:3)
  3 worms
  2 dart slugs
  104 orcs
  6 endoplasms
  A giant cockroach (D:3)
  4 goblins
  5 hobgoblins
  6 jackals (D:1)
  A quokka (D:4)
  A river rat zombie (Crypt:2)
  8 ball pythons
  A bat (D:1)
  4 frilled lizards
  2 goblin zombies (Ossuary)
  6 hobgoblin zombies (Ossuary)
  18 kobolds
  A kobold zombie (Ossuary)
  2 quokka zombies (Ossuary)
  2 rats
  6 rat zombies
2256 creatures vanquished.

Vanquished Creatures (collateral kills)
  Eustachio (D:6)
1 creature vanquished.

Vanquished Creatures (others)
  A pandemonium lord (D:1)
  An electric golem (Zot:5)
  A Brimstone Fiend (D:1)
  A deep elf knight (Elf:1)
  A death drake (WizLab)
  An air elemental (WizLab)
  A water elemental (Elf:1)
  An orc (Orc:1)
  6 ball lightnings (D:1)
  3 bushes (Depths:1)
  7 fire vortices (Zot:5)
  29 fungi
  225 plants
  71 withered plants
349 creatures vanquished.

Grand Total: 2606 creatures vanquished

Notes
Turn   | Place    | Note
-------+----------+-------------------------------------------
     0 | D:1      | Dazed the Gargoyle Earth Elementalist began the quest for
                  | the Orb.
     0 | D:1      | Reached XP level 1. HP: 10/10 MP: 3/3
   253 | D:1      | Reached XP level 2. HP: 15/15 MP: 3/5
   640 | D:1      | Reached XP level 3. HP: 14/19 MP: 1/6
   686 | D:1      | Learned a level 3 spell: Stone Arrow
  1617 | D:2      | Found a broken altar of Ashenzari.
  1771 | D:2      | Reached skill level 1 in Conjurations
  1816 | D:2      | You fall into a shaft and drop 1 floor!
  2391 | D:3      | Reached XP level 4. HP: 24/24 MP: 6/8
  2960 | D:3      | Found a shimmering altar of Xom.
  3504 | D:4      | Found a staircase to the Ecumenical Temple.
  3591 | D:4      | Noticed a scorpion
  3592 | D:4      | Reached skill level 5 in Earth Magic
  3599 | D:3      | HP: 1/24 [something (4)]
  3813 | D:4      | Reached XP level 5. HP: 28/28 MP: 6/9
  3831 | D:3      | Reached skill level 2 in Conjurations
  4253 | Temple   | Entered the Ecumenical Temple
  4615 | D:4      | Noticed a black bear
  4709 | D:4      | Reached skill level 3 in Conjurations
  4709 | D:4      | Reached XP level 6. HP: 30/32 MP: 6/11
  5165 | D:5      | Entered Level 5 of the Dungeon
  5435 | D:4      | Reached XP level 7. HP: 36/36 MP: 8/13
  5563 | D:5      | Noticed Ijyb
  5669 | D:4      | Reached skill level 4 in Conjurations
  6141 | D:5      | Killed Ijyb
  6142 | D:5      | Reached skill level 1 in Fighting
  6374 | D:5      | Reached skill level 1 in Maces & Flails
  6374 | D:5      | Reached skill level 1 in Armour
  6510 | D:4      | Reached XP level 8. HP: 40/43 MP: 11/15
  7121 | D:6      | Found a bloodstained altar of Trog.
  7217 | D:6      | Noticed Sigmund
  7230 | D:6      | Killed Sigmund
  7231 | D:6      | Reached skill level 5 in Spellcasting
  7665 | D:6      | Noticed Eustachio
  7715 | D:6      | Reached skill level 5 in Conjurations
  7914 | D:6      | Killed Eustachio
  8046 | D:6      | Noticed Maggie
  8054 | D:6      | Killed Maggie
  8055 | D:6      | Reached XP level 9. HP: 51/51 MP: 2/17
  9736 | D:7      | Noticed a hornet
 10282 | D:7      | Killed a hornet
 10283 | D:7      | Reached skill level 6 in Conjurations
 10444 | D:7      | Learned a level 6 spell: Iron Shot
 10596 | D:7      | Found a runed translucent door.
 10597 | D:7      | Noticed Crazy Yiuf
 10682 | D:7      | Killed Crazy Yiuf
 10744 | D:8      | Found Cycimipp's Vocational Training.
 10911 | D:8      | Found a sand-covered staircase.
 10918 | Ossuary  | Entered an ossuary
 11667 | D:8      | Found a sparkling altar of Nemelex Xobeh.
 11802 | D:8      | Found a radiant altar of Vehumet.
 11879 | D:8      | Became a worshipper of Vehumet
 12146 | D:8      | Found a hide-covered altar of Uskayaw.
 12254 | D:9      | Noticed a two-headed ogre
 12299 | D:9      | Noticed a purple ugly thing
 12320 | D:9      | Killed a purple ugly thing
 12321 | D:9      | Reached XP level 10. HP: 33/58 MP: 5/19
 12434 | D:9      | Found Xioraisom's General Store.
 12485 | D:9      | Killed a two-headed ogre
 12486 | D:9      | Reached skill level 5 in Fighting
 12486 | D:9      | Reached skill level 5 in Armour
 12939 | D:9      | Noticed a kobold demonologist
 12939 | D:9      | Noticed a kobold demonologist
 12952 | D:9      | Noticed a sixfirhy
 12954 | D:9      | Killed a kobold demonologist
 12971 | D:9      | Killed a kobold demonologist
 13227 | D:9      | Found a sacrificial altar of Ru.
 13614 | D:10     | Entered Level 10 of the Dungeon
 13630 | D:10     | Reached skill level 5 in Maces & Flails
 13630 | D:10     | Reached skill level 7 in Conjurations
 13702 | D:10     | Killed an unseen horror
 13902 | D:9      | Reached XP level 11. HP: 62/64 MP: 9/21
 14071 | D:10     | Noticed Josephine
 14095 | D:9      | Killed Josephine
 14096 | D:9      | Reached skill level 5 in Dodging
 14328 | D:10     | Found Tairetaine's Magic Scroll Emporium.
 14332 | D:10     | Bought a scroll of fog for 68 gold pieces
 14332 | D:10     | Bought a scroll of identify for 34 gold pieces
 14332 | D:10     | Bought a scroll of teleportation for 51 gold pieces
 14623 | D:10     | Reached * piety under Vehumet
 14623 | D:10     | Offered knowledge of Freeze by Vehumet.
 14780 | D:10     | Found a staircase to the Lair.
 14998 | D:10     | Learned a level 5 spell: Fireball
 15390 | D:10     | Found a blossoming altar of Fedhas.
 15390 | D:10     | Found a basalt altar of Yredelemnul.
 15390 | D:10     | Found an opulent altar of Gozag.
 15505 | D:10     | Noticed Snorg
 15521 | D:10     | Killed Snorg
 15678 | D:10     | Found Qeeggey's Magic Scroll Emporium.
 15686 | D:10     | Bought a scroll of enchant weapon for 105 gold pieces
 15686 | D:10     | Bought a scroll of blinking for 105 gold pieces
 15686 | D:10     | Bought a scroll of identify for 28 gold pieces
 16428 | Lair:1   | Entered Level 1 of the Lair of Beasts
 16456 | Lair:1   | Reached skill level 1 in Fire Magic
 16456 | Lair:1   | Reached skill level 1 in Evocations
 16735 | Lair:1   | Noticed a death yak
 16779 | Lair:1   | Noticed a death yak
 16794 | Lair:1   | Noticed a death yak
 16802 | Lair:1   | Killed a death yak
 16803 | Lair:1   | Reached skill level 8 in Conjurations
 16803 | Lair:1   | Reached skill level 10 in Earth Magic
 17277 | Lair:1   | Noticed a death yak
 17295 | Lair:1   | Killed a death yak
 17522 | D:10     | Killed a death yak
 17608 | Lair:1   | Killed a death yak
 17735 | Lair:2   | Reached XP level 12. HP: 72/72 MP: 13/23
 17816 | Lair:2   | Noticed a skyshark
 17824 | Lair:2   | Killed a skyshark
 17931 | Lair:2   | Offered knowledge of Magic Dart by Vehumet.
 17934 | Lair:2   | Reached ** piety under Vehumet
 17979 | Lair:2   | Found a staircase to the Snake Pit.
 18622 | Lair:2   | Noticed a seven-headed hydra
 18635 | Lair:2   | Killed a seven-headed hydra
 18920 | Lair:2   | Noticed a skyshark
 18930 | Lair:2   | Killed a skyshark
 19228 | Lair:2   | Noticed a seven-headed hydra
 19234 | Lair:2   | Killed a seven-headed hydra
 20196 | Lair:2   | Reached skill level 9 in Conjurations
 20807 | Lair:3   | Offered knowledge of Searing Ray by Vehumet.
 21291 | Lair:3   | Reached XP level 13. HP: 79/79 MP: 21/25
 21846 | Lair:3   | Reached *** piety under Vehumet
 21970 | Lair:3   | Noticed Gastronok
 21978 | Lair:3   | Killed Gastronok
 22733 | Lair:4   | Reached skill level 1 in Shields
 23127 | Lair:4   | Offered knowledge of Volatile Blastmotes by Vehumet.
 23503 | Lair:4   | Reached skill level 5 in Fire Magic
 23724 | Lair:4   | Found a glowing golden altar of the Shining One.
 24500 | Lair:5   | Entered Level 5 of the Lair of Beasts
 24706 | Lair:5   | Reached **** piety under Vehumet
 24873 | Lair:5   | Offered knowledge of Freezing Cloud by Vehumet.
 25067 | Lair:5   | Reached skill level 5 in Evocations
 25194 | Lair:5   | Found a viscous altar of Jiyva.
 25195 | Lair:5   | Found a staircase to the Slime Pits.
 25206 | Lair:5   | Identified the +5 mace "Jellybane" {freeze, *Slow Will+++
                  | SInv Stlth+}
 25549 | Lair:5   | Reached skill level 10 in Conjurations
 25953 | Lair:5   | Noticed Nessos
 26002 | Lair:5   | Gained mutation: Your large and strong wings let you fly.
                  | [Gargoyle growth]
 26002 | Lair:5   | Reached XP level 14. HP: 86/86 MP: 18/27
 26193 | Lair:5   | Killed Nessos
 26899 | Lair:5   | Noticed a dire elephant
 26899 | Lair:5   | Noticed a dire elephant
 26900 | Lair:5   | Noticed a dire elephant
 26900 | Lair:5   | Noticed a dire elephant
 27012 | Lair:5   | Noticed a dire elephant
 27034 | Lair:5   | Killed a dire elephant
 27303 | Lair:5   | Reached ***** piety under Vehumet
 27402 | Lair:5   | Offered knowledge of Fulminant Prism by Vehumet.
 27576 | Lair:5   | Killed a dire elephant
 27607 | Lair:4   | Killed a dire elephant
 27868 | Lair:5   | Killed a dire elephant
 28103 | Lair:5   | Killed a dire elephant
 28556 | Lair:5   | Identified the ring "Geziem" {rPois rN+ Int+6}
 28820 | Lair:5   | Identified the ring "Jikhiv" {rElec rC+ Str+5 Dex+3}
 29576 | Lair:5   | Reached skill level 10 in Fighting
 30237 | Lair:5   | Learned a level 5 spell: Borgnjor's Vile Clutch
 31276 | D:11     | Found a staircase to the Orcish Mines.
 31281 | D:11     | Offered knowledge of Lee's Rapid Deconstruction by Vehumet.
 31475 | D:10     | Learned a level 5 spell: Lee's Rapid Deconstruction
 31819 | Orc:1    | Entered Level 1 of the Orcish Mines
 31819 | Orc:1    | Noticed an orc warlord
 31882 | D:11     | HP: 3/88 [orc/+0 dagger (2)]
 32124 | D:11     | Killed an orc warlord
 32973 | Orc:2    | Entered Level 2 of the Orcish Mines
 33372 | Orc:2    | Paralysed by an orc sorcerer for 5 turns
 33381 | Orc:1    | Reached XP level 15. HP: 73/92 MP: 18/28
 33606 | Orc:2    | Found Seojonwa's Book Boutique.
 34131 | Orc:2    | Found a staircase to the Elven Halls.
 34266 | Orc:2    | Reached skill level 11 in Conjurations
 34674 | Orc:2    | Found Pissiqi's Antique Weapon Boutique.
 34773 | Orc:2    | Found Fydemp's Antique Weapon Shop.
 34776 | Orc:2    | Found Girad's Antique Armour Boutique.
 34837 | Orc:2    | Noticed Saint Roka
 35918 | Snake:1  | Entered Level 1 of the Snake Pit
 37311 | Snake:1  | Reached skill level 10 in Spellcasting
 37735 | Snake:2  | Offered knowledge of Conjure Ball Lightning by Vehumet.
 39765 | Snake:2  | Reached skill level 10 in Maces & Flails
 39983 | Snake:2  | Reached XP level 16. HP: 100/100 MP: 23/30
 40196 | Snake:2  | Identified the +6 broad axe of Responsibility {flame, rElec
                  | rN+ Str+4 Stlth+}
 41274 | Snake:3  | Found a transporter.
 41492 | Snake:3  | Found a transporter.
 41493 | Snake:3  | Found a bloodstained altar of Trog.
 41493 | Snake:3  | Noticed m76s's ghost (journeyman GrFi)
 41591 | Snake:3  | Found a bloodstained altar of Trog.
 41925 | Snake:3  | Noticed a nagaraja
 41933 | Snake:3  | Killed a nagaraja
 43145 | Snake:3  | Reached skill level 12 in Conjurations
 44053 | Shoals:1 | Entered Level 1 of the Shoals
 44068 | Lair:3   | Offered knowledge of Orb of Destruction by Vehumet.
 44308 | Shoals:1 | Got the Handbook of the Cooperative Iceberg
 46452 | Shoals:2 | Noticed Aizul
 46461 | Shoals:2 | Killed Aizul
 47679 | Shoals:2 | Reached XP level 17. HP: 105/106 MP: 2/31
 48220 | Shoals:3 | Identified the amulet "Maithaso" {Reflect Str+4 SH+5}
 49550 | Shoals:3 | Identified the +9 falchion "Sintis" {venom, Dex+6}
 50214 | Orc:2    | Killed Saint Roka
 50593 | Elf:1    | Entered Level 1 of the Elven Halls
 50934 | Elf:1    | Offered knowledge of Irradiate by Vehumet.
 51142 | Elf:1    | Found a glowing silver altar of Zin.
 52244 | Elf:1    | HP: 1/106 [something/shard of ice (6)]
 52773 | Elf:1    | Found a white marble altar of Elyvilon.
 52773 | Elf:1    | Found a glowing golden altar of the Shining One.
 53137 | Elf:1    | Reached skill level 13 in Conjurations
 53603 | Elf:1    | Found Maemaph's Book Emporium.
 53612 | Elf:1    | Bought an Everburning Encyclopedia for 720 gold pieces
 53617 | Elf:1    | Learned a level 4 spell: Sticky Flame
 55189 | Elf:2    | Reached skill level 10 in Dodging
 55573 | Elf:2    | Found a runed translucent gate.
 55573 | Elf:2    | Found a runed translucent gate.
 55573 | Elf:2    | Found a runed translucent gate.
 55582 | Elf:2    | Reached XP level 18. HP: 113/113 MP: 15/33
 56595 | D:12     | Reached skill level 15 in Earth Magic
 57616 | D:13     | Reached skill level 10 in Fire Magic
 58754 | D:14     | Found a gate to the Vaults.
 59067 | D:14     | Noticed Jorgrun
 59093 | D:14     | Killed Jorgrun
 59522 | D:14     | Noticed Louise
 59628 | D:14     | Killed Louise
 59762 | D:14     | Noticed Agnes
 59767 | D:14     | Killed Agnes
 59819 | D:14     | Offered knowledge of Ozocubu's Refrigeration by Vehumet.
 60861 | D:15     | Entered Level 15 of the Dungeon
 61622 | D:15     | Found a staircase to the Depths.
 62254 | D:15     | Reached skill level 14 in Conjurations
 63570 | D:15     | Found Waotruo's Tremendous Tomes.
 64182 | Temple   | Identified a scroll of acquirement
 64183 | Temple   | Acquired the staff of earth "Fyxt" {rElec Str-4 Dex+4}
 64475 | Snake:4  | Entered Level 4 of the Snake Pit
 65605 | Snake:4  | Reached XP level 19. HP: 118/118 MP: 18/35
 66240 | Snake:4  | Acquired 723 gold pieces
 66662 | Snake:4  | Offered knowledge of Lehudib's Crystal Spear by Vehumet.
 66766 | Snake:3  | Learned a level 8 spell: Lehudib's Crystal Spear
 67404 | Snake:4  | Reached skill level 15 in Conjurations
 67427 | Snake:4  | Noticed Vashnia
 67561 | Snake:4  | Killed Vashnia
 67782 | Snake:4  | Got a serpentine rune of Zot
 67989 | Shoals:4 | Entered Level 4 of the Shoals
 67989 | Shoals:4 | Found the ring of the Tortoise {AC+8}
 68158 | Shoals:4 | Found an opulent altar of Gozag.
 68813 | Shoals:4 | Identified the +10 trident of Currency {heavy, rC+}
 68949 | Shoals:4 | Got a barnacled rune of Zot
 69082 | Shoals:4 | Identified the +5 spear of Dissent {drain, *Rage rPois
                  | Dex+3}
 70093 | Vaults:1 | Entered Level 1 of the Vaults
 72775 | Vaults:1 | Reached XP level 20. HP: 124/124 MP: 30/37
 73699 | Vaults:1 | Learned a level 8 spell: Ignition
 74537 | Vaults:2 | Reached skill level 10 in Evocations
 75168 | Vaults:2 | Identified the +12 falchion of Greed {flame, +Blink rElec}
 75348 | Vaults:2 | Reached skill level 16 in Conjurations
 75447 | Vaults:2 | Found Jeluavic's Distillery.
 75455 | Vaults:2 | Bought a potion of magic for 136 gold pieces
 75455 | Vaults:2 | Bought a potion of brilliance for 68 gold pieces
 75455 | Vaults:2 | Bought a potion of heal wounds for 85 gold pieces
 75455 | Vaults:2 | Bought a potion of brilliance for 68 gold pieces
 76547 | Vaults:2 | Reached ****** piety under Vehumet
 76895 | Vaults:2 | Found a staircase to the Crypt.
 76965 | Vaults:2 | Offered knowledge of Fire Storm by Vehumet.
 76965 | Vaults:2 | Offered knowledge of Shatter by Vehumet.
 76965 | Vaults:2 | Offered knowledge of Polar Vortex by Vehumet.
 77734 | Vaults:3 | Reached XP level 21. HP: 128/128 MP: 37/39
 78587 | Vaults:3 | Gained mutation: You occasionally lose the ability to drink
                  | potions when taking damage. [mutagenic glow]
 79539 | Vaults:4 | Reached skill level 17 in Conjurations
 79585 | Vaults:4 | Found Atzero's Armour Boutique.
 79636 | Vaults:4 | Paralysed by a great orb of eyes for 5 turns
 80088 | Vaults:4 | Paralysed by a sphinx for 5 turns
 81471 | Vaults:4 | Reached skill level 15 in Spellcasting
 82070 | Vaults:4 | Identified the +0 robe "Jielekh" {rN+ Will- Slay+5}
 82077 | Vaults:4 | Found a radiant altar of Vehumet.
 82084 | Vaults:4 | Identified the +1 robe of Warisol {Harm Str+3 Int-5 Dex+3}
 82098 | Vaults:4 | Found the +4 robe of Folly {Brill Will-∞ Int+8}
 82103 | Vaults:4 | Identified the +0 hat of the Doldrums {Fly Regen+ rCorr
                  | Dex-4}
 82104 | Vaults:4 | Identified the +2 hat of Tenacity {rF+}
 83754 | Elf:3    | Entered Level 3 of the Elven Halls
 84154 | Elf:3    | Reached XP level 22. HP: 116/133 MP: 33/41
 84625 | Elf:3    | Identified the ring "Emis Xiete" {Wiz Str+3}
 84653 | Elf:3    | Reached skill level 15 in Fire Magic
 84658 | Elf:3    | Noticed Bai Suzhen
 84662 | Elf:3    | Killed Bai Suzhen
 84663 | Elf:3    | Reached skill level 18 in Conjurations
 85627 | Elf:3    | Identified the staff of earth "Anal" {rC+ Int+5 Dex-5}
 85629 | Elf:3    | Identified the +1 arbalest "Gonown" {elec, +Blink Int-4
                  | Dex+4}
 85634 | Elf:3    | Got the Exposition on Phlogiston
 85641 | Elf:3    | Identified the staff of conjuration "Wonwu" {rPois rF-
                  | Dex+6}
 85647 | Elf:3    | Identified the +0 arbalest of a ziggurat {freeze, Fly rPois
                  | Will+}
 85654 | Elf:3    | Got the Writings on the Congregation and the Compass
 85655 | Elf:3    | Identified the scarf of Egousauk {+Inv, rPois Int+5 Dex-3}
 86870 | Depths:1 | Entered Level 1 of the Depths
 87620 | Depths:1 | Noticed a caustic shrike
 87703 | Depths:1 | Killed a caustic shrike
 88601 | Depths:1 | Found a one-way gate to the infinite horrors of the Abyss.
 88729 | Depths:1 | Reached XP level 23. HP: 138/138 MP: 32/43
 88877 | Depths:1 | Found an ancient bone altar of Kikubaaqudgha.
 88942 | Depths:1 | Found a gateway to Hell.
 89038 | Depths:1 | Noticed Nikola
 89070 | Depths:1 | Killed Nikola
 89530 | Depths:1 | Found Veal's Book Emporium.
 89530 | Depths:1 | Found Hyeqymis's Jewellery Boutique.
 89531 | Depths:1 | Found Voep's Book Emporium.
 89550 | Depths:1 | Learned a level 9 spell: Shatter
 89552 | Depths:1 | Bought the ring "Neaxan" {rF+ rN+++ Int+7 Dex-4} for 1186
                  | gold pieces
 89619 | Depths:1 | Identified the +5 ring mail of Divine Intervention {rElec
                  | rPois rF- rC+ rN+}
 90179 | Depths:2 | Noticed a golden dragon
 90184 | Depths:2 | Killed a golden dragon
 90357 | Depths:2 | Noticed a juggernaut
 90364 | Depths:2 | Killed a juggernaut
 90638 | Depths:2 | Identified the staff of fire "Asiytoj" {rF+ Dex+3}
 90875 | Depths:2 | Noticed a caustic shrike
 90878 | Depths:2 | Killed a caustic shrike
 91073 | Depths:2 | Reached skill level 19 in Conjurations
 91234 | Depths:2 | Identified the ring "Nunloq" {Wiz rElec Int+3}
 91352 | Depths:2 | Paralysed by a floating eye for 4 turns
 91563 | Depths:2 | Found a one-way gate leading to the halls of Pandemonium.
 94002 | Depths:3 | Identified the +1 robe of the Lair of Beasts {Harm rC-
                  | Str-3 SInv}
 94225 | Depths:3 | Reached XP level 24. HP: 144/144 MP: 38/43
 94769 | Depths:3 | Found a one-way gateway to a ziggurat.
 94924 | Depths:3 | Found a corrupted altar of Lugonu.
 95522 | Depths:4 | Entered Level 4 of the Depths
 96270 | Depths:4 | Identified the +7 rapier "Transmigrator" {speed, rElec
                  | Stlth+}
 96592 | Depths:4 | Found a gate to the Realm of Zot.
 97918 | Vaults:5 | Entered Level 5 of the Vaults
 97921 | Vaults:5 | Reached skill level 1 in Staves
 97921 | Vaults:5 | Reached skill level 20 in Conjurations
 97970 | Vaults:5 | Noticed an ancient lich
 97977 | Vaults:5 | Killed an ancient lich
 98274 | Vaults:5 | Noticed a dread lich
 98365 | Vaults:4 | Killed a dread lich
 98366 | Vaults:4 | Reached XP level 25. HP: 94/148 MP: 44/44
 98589 | Vaults:5 | Reached skill level 15 in Evocations
 98807 | Vaults:5 | Identified the +8 glaive of the Madman {pain, SInv}
100168 | Vaults:5 | Found Cimo's Assorted Antiques.
100176 | Vaults:5 | Bought a potion of haste for 360 gold pieces
100393 | Vaults:5 | Found Woesamp's Antique Weapon Shop.
100472 | Vaults:5 | Found Elarhuon's Jewellery Emporium.
100481 | Vaults:5 | Found Plog's Magic Scroll Boutique.
100485 | Vaults:5 | Got a silver rune of Zot
100486 | Vaults:5 | Found Poptotab's Distillery.
100494 | Vaults:5 | Bought 2 potions of cancellation for 240 gold pieces
100494 | Vaults:5 | Bought a potion of haste for 150 gold pieces
100494 | Vaults:5 | Bought a potion of haste for 150 gold pieces
100494 | Vaults:5 | Bought 2 potions of haste for 300 gold pieces
100497 | Vaults:5 | Found Gighiol's General Store.
100501 | Vaults:5 | Bought a box of beasts for 640 gold pieces
100599 | Vaults:5 | Found Letat's Magic Scroll Shop.
100599 | Vaults:5 | Found Jieffuar's Distillery.
100604 | Vaults:5 | Bought a scroll of magic mapping for 150 gold pieces
100611 | Vaults:5 | Bought a potion of heal wounds for 60 gold pieces
100611 | Vaults:5 | Bought a potion of heal wounds for 60 gold pieces
100611 | Vaults:5 | Bought a potion of brilliance for 48 gold pieces
100618 | Vaults:5 | Found Gyasargh's Magic Scroll Boutique.
100623 | Vaults:5 | Bought a scroll of immolation for 84 gold pieces
100623 | Vaults:5 | Bought a scroll of magic mapping for 157 gold pieces
100623 | Vaults:5 | Bought a scroll of immolation for 84 gold pieces
100829 | Crypt:1  | Entered Level 1 of the Crypt
101386 | Crypt:1  | Reached skill level 5 in Staves
102347 | Crypt:2  | Found a magical portal.
102352 | WizLab   | Entered The Chambers of the Cloud Mage
102567 | WizLab   | Paralysed by an air elemental for 1 turns
102624 | WizLab   | Paralysed by an air elemental for 1 turns
102798 | WizLab   | Paralysed by you for 4 turns
103026 | WizLab   | Noticed Feapnenou
103026 | WizLab   | Paralysed by an air elemental for 1 turns
103033 | WizLab   | Killed Feapnenou the Cloud Mage
103280 | WizLab   | Identified the ring "Myocs" {Fly rF+}
103367 | Crypt:2  | Identified the +0 robe "Tuxzuen" {Drain rPois Will+ Dex+6}
105422 | Crypt:3  | Entered Level 3 of the Crypt
105860 | Crypt:3  | Found a staircase to the Tomb.
105888 | Crypt:3  | Identified the +5 chain mail of a Gauntlet {rN+ Will+
                  | Dex+3}
106067 | Crypt:3  | Reached XP level 26. HP: 156/156 MP: 42/45
106085 | Crypt:3  | Reached skill level 21 in Conjurations
106309 | Crypt:3  | Noticed a dread lich
106311 | Crypt:3  | Killed a dread lich
106337 | Crypt:3  | Found a shimmering altar of Xom.
106843 | Crypt:3  | Identified the ring "Aphig" {rC+ AC+4}
106922 | Crypt:3  | Identified the amulet of Mumeh {rF+ Will- Regen+ Int+3}
107369 | Crypt:3  | Identified the ring of Uduxkoki {rN+ Int+5}
107369 | Crypt:3  | Identified the ring of Erigomni {rN+ Stlth+}
108191 | Zot:1    | Entered Level 1 of the Realm of Zot
109464 | Temple   | Acquired 1078 gold pieces
109465 | Temple   | Acquired the +3 warlock's mirror {omnireflect}
109465 | Temple   | Found the +3 warlock's mirror {omnireflect}
110155 | Zot:1    | Identified the +0 scale mail of Midsummer {-Tele rF+
                  | Slay+2}
111998 | Zot:2    | Identified the ring of Incredulity {rPois Will+}
112823 | Zot:3    | Reached XP level 27. HP: 138/164 MP: 29/45
112833 | Zot:3    | Learned a level 9 spell: Fire Storm
115393 | Temple   | Learned a level 2 spell: Passwall
115821 | Zot:5    | Entered Level 5 of the Realm of Zot
116015 | Zot:5    | Reached skill level 15 in Fighting
116143 | Zot:5    | Found a transporter.
116699 | Zot:5    | Noticed an orb of fire
116705 | Zot:5    | Killed an orb of fire
116706 | Zot:5    | Reached skill level 22 in Conjurations
116982 | Zot:5    | Noticed an orb of fire
116985 | Zot:5    | Noticed an orb of fire
116989 | Zot:5    | Killed an orb of fire
116992 | Zot:5    | Killed an orb of fire
117271 | Zot:5    | Noticed an orb of fire
117272 | Zot:5    | Gained mutation: Your magical capacity is low. (-10% MP)
                  | [an orb of fire]
117272 | Zot:5    | Gained mutation: You occasionally shout uncontrollably at
                  | your foes. [an orb of fire]
117275 | Zot:5    | Gained mutation: You have a somewhat thin skeletal
                  | structure. (Dex +2, Stealth+) [an orb of fire]
117277 | Zot:5    | Killed an orb of fire
117294 | Zot:5    | Noticed an orb of fire
117299 | Zot:5    | Killed an orb of fire
117371 | Zot:5    | Noticed a dread lich
117377 | Zot:5    | Killed a dread lich
117377 | Zot:5    | Noticed an orb of fire
117384 | Zot:5    | Lost dexterity.
117508 | Zot:5    | Killed an orb of fire
117526 | Zot:5    | Noticed a dread lich
117541 | Zot:5    | Killed a dread lich
117657 | Zot:5    | Noticed a dread lich
117660 | Zot:5    | Killed a dread lich
117771 | Zot:5    | Noticed an orb of fire
117774 | Zot:5    | Killed an orb of fire
118531 | Zot:5    | Noticed an orb of fire
118531 | Zot:5    | Gained mutation: Your body sometimes deteriorates upon
                  | taking damage. [an orb of fire]
118535 | Zot:5    | Killed an orb of fire
118839 | Zot:5    | Got the Orb of Zot
119166 | D:15     | Noticed Kuitat the pandemonium lord
119171 | D:15     | Killed Kuitat the pandemonium lord
119608 | D:1      | Noticed Viur the pandemonium lord
119608 | D:1      | Noticed an ancient lich
119611 | D:1      | Killed Viur the pandemonium lord
119612 | D:1      | Killed an ancient lich
119738 | D:$      | Escaped with the Orb!

Illustrated notes

Levels and vault maps discovered:
D:1:      wheals_arrival_linesprint, layout_loops_corners, minmay_misc_feat_iff
D:2:      layout_basic, basic_altar
D:3:      layout_basic, mainiacjoe_overflow_catwalk,
          kennysheep_decorative_pillar
D:4:      layout_basic, minmay_temple_entry_ruins
D:5:      layout_loops_cross, guppyfry_early_orc_mine, uniq_ijyb
D:6:      layout_layer_cave, mainiacjoe_overflow_surrounded_room,
          uniq_eustachio, uniq_maggie, uniq_sigmund
D:7:      layout_cave_pools, uniq_crazy_yiuf_cottage
D:8:      layout_basic, mainiacjoe_overflow_cross_hatched,
          nicolae_vehumet_altar_sigil, nicolae_uskayaw_murder_on_the_dancefloor,
          enter_ossuary_4, nicolae_shop_vocational
D:9:      layout_basic, nicolae_ru_path_of_blood, minmay_shop_grid_forest
D:10:     layout_long_grid, gammafunk_temple_overflow_forgotten,
          erik_lair_dragon, serial_shops, shop, nicolae_shop_back_alley_shop,
          uniq_snorg, uniq_josephine
D:11:     layout_rooms, david_orc_5
D:12:     layout_irregular_city
D:13:     layout_roguey
D:14:     layout_big_octagon, kennysheep_cluttered_room, uniq_jorgrun,
          uniq_agnes, uniq_louise
D:15:     hangedman_depths_entry_try_elsewhere_first, layout_gridville,
          nicolae_figureground_pulse, grunt_ministairs_10,
          nicolae_shop_i_like_big_books
Temple:   oiseaux_autumnal_temple
Lair:1:   layout_roguey
Lair:2:   cheibrodos_lair_river_kwai, layout_long_grid,
          minmay_snake_entry_guardpost_small, gauntlet_entry_generic
Lair:3:   layout_layer_cave, nicolae_shoals_entry_flooding,
          nicolae_volcano_entry_lava_flow, chequers_serial_rivers_small_a,
          roderic_carrion_pond, uniq_gastronok
Lair:4:   layout_regular_city, basic_altar, grunt_megastairs_5,
          lemuel_fruit_fields
Lair:5:   due_jungle_book, layout_misc_corridors, slime_entry_1, st_stairs_4,
          chequers_serial_rivers_room_a, minivault_25, uniq_nessos
Shoals:1: layout_shoals
Shoals:2: layout_shoals, uniq_aizul
Shoals:3: layout_shoals, nicolae_shoals_isolated_beach
Shoals:4: shoals_end_grunt_garden, layout_shoals, lemuel_altar_in_water
Snake:1:  layout_misc_corridors, corexii_hall_statues_l,
          nicolae_snake_salamander_fort, nicolae_triple_integral
Snake:2:  layout_layer_cave, grunt_megastairs_2
Snake:3:  nicolae_snake_hallway, layout_gridlike, basic_altar,
          gammafunk_ghost_wrathful_warriors
Snake:4:  grunt_snake_rune_serpentine_throne, layout_rooms
Orc:1:    layout_caves
Orc:2:    grunt_orc_community_town_hall, layout_diamond_mine,
          grunt_orc_community_big_house_2, grunt_orc_community_big_house_2,
          grunt_orc_community_house_1, grunt_orc_community_house_1,
          grunt_orc_community_house_3, grunt_orc_community_house_3,
          grunt_orc_community_house_1
Elf:1:    elf_arrival_001, layout_geoelf_octagon,
          portal_desolation_entry_holy_temple, serial_shops, shop,
          hangedman_corner_corridor
Elf:2:    nicolae_elf_blades_splatter_lattice [nicolae_blade_lattice],
          layout_geoelf_octagon
Elf:3:    elf_hall, layout_gridlike, dreamdust_princess_bridge, uniq_bai_suzhen
Vaults:1: nicolae_vaults_storage_closets_2, ontoclasm_vaults_spin,
          ontoclasm_vaults_idyll, hangedman_vaults_impose,
          nicolae_vaults_closet_pinwheel_2, ontoclasm_vaults_fault,
          vaults_room_pool, layout_vaults_omnigrid, uniq_saint_roka
Vaults:2: nicolae_vaults_specimen_jars, v_misc_4,
          nicolae_vaults_trapezoid_lopsided_1, vaults_room_grunt_arrival_ludios,
          vaults_room_door_ring, blue_anna_dwarven_crypt,
          nicolae_vaults_mini_display_case, nicolae_vaults_trapezoid_lopsided_2,
          vaults_mumra_hex, nicolae_vaults_layer_cake_slice,
          vaults_mumra_hexcomb, nicolae_vaults_trapezoid_1,
          nicolae_vaults_house_2, vaults_room_fours, layout_vaults_omnicross,
          serial_shops, shop
Vaults:3: ontoclasm_vaults_loading_screen, v_alt_pattern_6,
          vaults_mumra_minichess, nicolae_vaults_network_square,
          hangedman_vaults_corner, dpeg_vaults_monster_box, v_misc_11,
          nicolae_vaults_house_2, nicolae_vaults_offset_grid_hallway_4,
          nicolae_vaults_trapezoid_2, layout_vaults_maze_snakey
Vaults:4: nicolae_vaults_more_shelving_2, hangedman_vaults_nails,
          nicolae_vaults_prndl, nicolae_vaults_tetromino_L_1,
          grunt_tower_of_power, grunt_vaults_hallway_short,
          nicolae_vaults_border_crossing, nicolae_vaults_house_2,
          nicolae_vaults_double_plus_2, nicolae_vaults_tetromino_Z_1,
          layout_vaults_chaotic_city, serial_shops, shop_statue
Vaults:5
Crypt:1:  layout_misc_corridors
Crypt:2:  layout_chaotic_city, mu_enter_wizlab_1, uniq_josephina
Crypt:3:  church_of_pain_bobbens, layout_chaotic_city,
          tomb_entry_forgotten_bobbens
Depths:1: nzn_winding_woodlands_stair_cross [nzn_winding_woodlands_5x15_cabin,
          nzn_winding_woodlands_center_pierced_h,
          nzn_winding_woodlands_5x15_zeroes, nzn_winding_woodlands_hourglass,
          nzn_winding_woodlands_5x5_open_star,
          nzn_winding_woodlands_5x15_pathside_ponds,
          nzn_winding_woodlands_center_lodge,
          nzn_winding_woodlands_5x15_lazy_stream], layout_cave_pools,
          abyss_entry, pf_hell_entry_tar_river, hangedman_decor_push,
          kiku_gazebo_garden_becter, minmay_shop_grove, uniq_nikola
Depths:2: minmay_dotted_concentric_squares, layout_gridville, pan_entry,
          hell_entry, minmay_multi_spiral
Depths:3: minmay_crescents, layout_gridlike, enter_ziggurat_b,
          nicolae_concentric_dashed_squares_wild, hell_entry,
          abyss_entry_flame_altar, minmay_staircase_windowed_large
Depths:4: grunt_zot_entry_bicorn, layout_twisted_cross, hangedman_coc_ice_floe,
          minmay_misc_feat_pillars
Zot:1:    layout_twisted_circle
Zot:2:    layout_gridlike
Zot:3:    layout_gridlike
Zot:4:    layout_twisted_circle, skrybe_zot_glass_2
Zot:5:    layout_basic, st_stairs_4, nicolae_diode_basic

Skill      XL: |  1  2  3  4  5  6  7  8  9 10 11 12 13 14 15 16 17 18 19 20 21 22 23 24 25 26 27 |
---------------+----------------------------------------------------------------------------------+-----
Earth Magic    | 4 5 6 7 8 9 10 11 12 13 14 16 17 18 19 20 21 | 21.8
Conjurations   | 1 3 4 5 6 7 8 9 10 11 12 13 14 15 16 17 18 19 20 21 22 | 22.6
Spellcasting   | 3 4 5 6 7 8 9 10 11 12 13 14 15 16 17 18 19 | 19.6
Fighting       | 1 3 4 5 7 8 9 10 11 12 13 14 16 | 16.2
Maces & Flails | 1 3 4 5 6 7 8 9 10 11 12 | 12.0
Armour         | 1 3 4 5 6 |  6.0
Dodging        | 2 3 4 5 6 7 8 9 10 11 12 13 | 13.4
Fire Magic     | 2 4 5 6 8 9 11 12 13 14 15 16 17 18 19 | 19.9
Evocations     | 2 3 5 6 7 8 9 11 12 13 14 15 16 17 | 17.4
Shields        | 3 4 |  4.0
Staves         | 3 6 8 9 |  9.3
Stealth        | |  2.1
Transmutations | |  0.7

Action                     |  1- 3 |  4- 6 |  7- 9 | 10-12 | 13-15 | 16-18 | 19-21 | 22-24 | 25-27 || total
---------------------------+-------+-------+-------+-------+-------+-------+-------+-------+-------++-------
  Melee: Mace              |       |     1 |       |       |       |       |       |       |       ||     1
         Whip              |       |       |     3 |     6 |    45 |    58 |    22 |     5 |       ||   139
         Punch             |       |       |       |       |     1 |       |       |       |       ||     1
         Staff             |       |       |       |       |       |       |     5 |     2 |     5 ||    12
   Cast: Sandblast         |    38 |    77 |    61 |    62 |   101 |    22 |    16 |       |     2 ||   379
         Stone Arrow       |       |     2 |   144 |   245 |   430 |   336 |    53 |     1 |     3 ||  1214
         Iron Shot         |       |       |       |       |   194 |   457 |   439 |   327 |   546 ||  1963
         Fireball          |       |       |       |       |    13 |    17 |     6 |     2 |     3 ||    41
         Lee's Rapid Decon |       |       |       |       |    17 |    24 |    32 |    42 |     5 ||   120
         Borgnjor's Vile C |       |       |       |       |     4 |     3 |       |       |       ||     7
         Sticky Flame      |       |       |       |       |       |     5 |     1 |     1 |     1 ||     8
         Lehudib's Crystal |       |       |       |       |       |       |    49 |    29 |    87 ||   165
         Ignition          |       |       |       |       |       |       |    10 |    13 |     6 ||    29
         Shatter           |       |       |       |       |       |       |       |     5 |    14 ||    19
         Fire Storm        |       |       |       |       |       |       |       |       |     8 ||     8
  Evoke: Wand              |       |       |     2 |    12 |     1 |     2 |     2 |     1 |       ||    20
         Phial of floods   |       |       |       |       |     1 |       |       |       |       ||     1
         Box of beasts     |       |       |       |       |       |       |       |       |     1 ||     1
         Phantom mirror    |       |       |       |       |       |       |       |       |     1 ||     1
    Use: Scroll            |     6 |     7 |     9 |    11 |    13 |     7 |     8 |     3 |    15 ||    79
         Potion            |       |     3 |     2 |     3 |     7 |     5 |     6 |     2 |     3 ||    31
   Stab: Distracted        |       |       |       |       |     1 |       |       |       |       ||     1
 Armour: Robe              |       |    28 |    22 |    82 |   249 |   214 |    55 |    70 |    96 ||   816
         Steam dragon scal |       |       |    17 |    19 |       |       |       |       |       ||    36
  Dodge: Dodged            |     3 |    49 |    43 |   123 |   380 |   254 |    71 |    52 |    58 ||  1033
  Block: Other             |       |       |       |       |       |    20 |       |       |       ||    20
         Buckler           |       |       |       |       |       |    91 |    82 |     1 |       ||   174
         Reflection        |       |       |       |       |       |    32 |    22 |     2 |     3 ||    59
         Orb               |       |       |       |       |       |       |       |    14 |    15 ||    29
